 Dungeon Crawl Stone Soup version 0.29.1-13-g9f3cf754e1 (webtiles) character file.

Game seed: 17922427959481149723

193 Exodus22XD the Covered (level 5, -1/47 HPs)
             Began as a Minotaur Fighter on Feb 4, 2023.
             Was a Believer of Wu Jian.
             Slain by a gnoll
             ... wielding a +0 halberd
             ... led by a gnoll sergeant
              (9 damage)
             ... on level 3 of the Dungeon.
             The game lasted 00:02:37 (3054 turns).

Exodus22XD the Covered (Minotaur Fighter)           Turns: 3054, Time: 00:02:39

Health: -1/47      AC:  7    Str: 23    XL:     5   Next: 44%
Magic:  4/4        EV:  9    Int:  5    God:    Wu Jian [**....]
Gold:   108        SH:  4    Dex:  9    Spells: 4/4 levels left

rFire   . . .      SeeInvis .   r - +0 trident
rCold   . . .      Faith    .   c - +0 buckler
rNeg    . . .      Spirit   .   b - +0 scale mail
rPois   .          Reflect  .   (helmet restricted)
rElec   .          Harm     .   (no cloak)
rCorr   .          Rampage  .   (no gloves)
Will    .....                   (no boots)
Stlth   ..........              (no amulet)
HPRegen 0.15/turn               (no ring)
MPRegen 0.09/turn               (no ring)

@: no status effects
A: horns 2, retaliatory headbutt
a: Renounce Religion, Wall Jump


You were on level 3 of the Dungeon.
You worshipped Wu Jian.
Wu Jian was pleased with you.
You visited 1 branch of the dungeon, and saw 3 of its levels.

You collected 108 gold pieces.

Inventory:

Hand Weapons
 a - a +0 war axe
 r - a +0 trident (weapon)
Armour
 b - a +0 scale mail (worn)
 c - a +0 buckler (worn)
Scrolls
 e - 3 scrolls of identify {unknown}
 f - a scroll of brand weapon {unknown}
 g - a scroll of magic mapping {unknown}
 j - a scroll of fear {unknown}
 k - a scroll of summoning {unknown}
 m - a scroll of immolation {unknown}
 n - 2 scrolls of fog {unknown}
 q - a scroll of noise {unknown}
Potions
 d - a potion of might
 h - a potion of magic {unknown}
 i - 2 potions of mutation {unknown}
 l - 2 potions of degeneration {unknown}
 o - a potion of lignification {unknown}
 p - a potion of curing {unknown}
 s - a potion of resistance {unknown}


   Skills:
 + Level 4.6 Fighting
 + Level 4.8 Axes
 + Level 4.8 Armour
 + Level 4.3 Shields


You had 4 spell levels left.
You didn't know any spells.
Your spell library was empty.

Dungeon Overview and Level Annotations

Branches:
Dungeon (3/15)

Altars:
Sif Muna
Uskayaw
Wu Jian
Zin


Innate Abilities, Weirdness & Mutations

You have a pair of horns on your head.
You reflexively headbutt those who attack you in melee.


Message History

The gnoll hits you from afar with a +1 spear of pain.
You writhe in agony.
The gnoll hits you from afar with a +0 halberd!
You block the gnoll's attack.
You spin and attack the gnoll.
You barely miss the gnoll.
The gnoll is moderately wounded.
The gnoll hits you but does no damage.
The gnoll hits you from afar with a +0 halberd.
You hit the gnoll. You headbutt the gnoll!
The gnoll is almost dead.
The gnoll hits you but does no damage. The gnoll completely misses you.
You block the gnoll's attack.
The gnoll hits you with a +1 spear of pain.
You writhe in agony.
You are too injured to fight recklessly!
You are too injured to fight recklessly!
You puncture the gnoll! Your headbutt misses the gnoll.
The gnoll is severely wounded.
The gnoll hits you with a +1 spear of pain.
You writhe in agony.
The gnoll hits you with a +0 flail. The gnoll hits you but does no damage.
A gnoll comes into view. It is wielding a +0 club.
Unknown command.
You barely miss the gnoll.
The gnoll is almost dead.
The gnoll hits you with a +1 spear of pain.
* * * LOW HITPOINT WARNING * * *
You writhe in agony.
* * * LOW HITPOINT WARNING * * *
The gnoll hits you with a +0 flail.
* * * LOW HITPOINT WARNING * * *
The gnoll barely misses you.
You barely miss the gnoll.
The gnoll is almost dead.
The gnoll hits you but does no damage. The gnoll barely misses you.
You furiously retaliate!
You headbutt the gnoll!
You kill the gnoll!
The Council accepts your kill.
The gnoll hits you from afar with a +0 halberd!
You die...

..(.##..).....##
.....#.......##
#....#.##.####
#..).#.##...
#....#.##....#
#...†...#....# #
#............# .#
....#####....# ###g#
....# ###....###@)g#
....###.......##g###
........#.....##.#
....###.#........#
....# #...#.######
#..## ##..#.# ...##
##...# ....# #.###
....# #.#


You could see 3 gnolls.

Vanquished Creatures
  A phantom (D:3)
  2 gnolls
  6 adders
  A worm (D:2)
  5 orcs (D:3)
  4 ball pythons
  7 endoplasms
  4 giant cockroaches
  5 goblins
  4 hobgoblins
  3 quokkas
  2 bats (D:2)
  2 frilled lizards
  A kobold (D:3)
  6 rats
53 creatures vanquished.

Notes
Turn   | Place    | Note
-------+----------+-------------------------------------------
     0 | D:1      | Exodus22XD the Minotaur Fighter began the quest for the
                  | Orb.
     0 | D:1      | Reached XP level 1. HP: 19/19 MP: 0/0
   129 | D:1      | Found a faded altar of an unknown god.
   140 | D:1      | Prayed at the altar of an unknown god.
   140 | D:1      | Became a worshipper of the Wu Jian Council
   140 | D:1      | Reached * piety under Wu Jian
   153 | D:1      | Reached XP level 2. HP: 27/27 MP: 1/1
   515 | D:1      | Reached XP level 3. HP: 33/33 MP: 2/2
  1725 | D:2      | Reached ** piety under Wu Jian
  1870 | D:2      | Reached XP level 4. HP: 26/41 MP: 3/3
  2280 | D:2      | Found a hide-covered altar of Uskayaw.
  2440 | D:3      | Noticed a phantom
  2445 | D:3      | Killed a phantom
  2446 | D:3      | Reached XP level 5. HP: 42/47 MP: 4/4
  2563 | D:3      | Found a glowing silver altar of Zin.
  2565 | D:3      | Found a shimmering blue altar of Sif Muna.
  3054 | D:3      | Slain by a gnoll

Illustrated notes

Levels and vault maps discovered:
D:1:      nicolae_arrival_somewhat_less_tricky_arrival, layout_loops_ring,
          shapermc_ecumenical_altar_starsandcircs,
          amcnicky_mini_corridor_feature, chequers_serial_rivers_large_a
D:2:      layout_basic, basic_altar, minivault_27
D:3:      layout_rooms, nicolae_overflow_hidden_temple

Skill      XL: |  1  2  3  4 |
---------------+-------------+-----
Fighting       | 4 |  4.6
Armour         | 4 |  4.8
Shields        | 4 |  4.3
Axes           | 3 4 |  4.8

Action                   |  1- 3 |  4- 6 || total
-------------------------+-------+-------++-------
Melee: War axe           |    78 |    41 ||   119
       Headbutt          |     9 |     3 ||    12
       Trident           |       |    29 ||    29
Invok: Lunge             |     5 |     7 ||    12
       Whirlwind         |       |    10 ||    10
Armor: Scale mail        |    29 |    26 ||    55
Dodge: Dodged            |    33 |    26 ||    59
Block: Buckler           |    17 |    15 ||    32
